 Dungeon Crawl Stone Soup version 0.29.1-1-gd02db6906a (webtiles) character file.

Game seed: 18198756728808448106

187 Aibolit the Ducker (level 5, 0/26 HPs)
             Began as a Spriggan Arcane Marksman on Oct 7, 2022.
             Was a Follower of Zin.
             Slain by a wandering mushroom (11 damage)
             ... created by the enmity of Fedhas Madash
             ... on level 4 of the Dungeon.
             The game lasted 00:07:52 (3554 turns).

Aibolit the Ducker (Spriggan Arcane Marksman)       Turns: 3554, Time: 00:07:53

Health: 0/26       AC:  3    Str:  6    XL:     5   Next: 39%
Magic:  11/11      EV: 19    Int: 14    God:    Zin [*.....]
Gold:   173        SH:  0    Dex: 18    Spells: 9/10 levels left

rFire   . . .      SeeInvis +   a - +1 sling
rCold   . . .      Faith    +   (no shield)
rNeg    . . .      Spirit   .   c - +0 robe
rPois   .          Reflect  .   g - +1 hat
rElec   .          Harm     .   (no cloak)
rCorr   .          Rampage  .   (gloves unavailable)
Will    +....                   (boots unavailable)
Stlth   ++........              m - amulet of faith
HPRegen 0.08/turn               p - ring of willpower
MPRegen 0.12/turn               (no ring)

@: very quick
A: very small, no large weapons, unfitting armour, see invisible, speed 3
a: Renounce Religion, Recite, Donate Gold


You were on level 4 of the Dungeon.
You worshipped Zin.
Zin was aware of your devotion.
You visited 2 branches of the dungeon, and saw 5 of its levels.

You collected 192 gold pieces.
You donated 19 gold pieces to Zin.

Inventory:

Hand Weapons
 a - a +1 sling (weapon)
Armour
 c - a +0 robe (worn)
 g - a +1 hat (worn)
Jewellery
 m - an amulet of faith (around neck)
 p - a ring of willpower (left hand)
 s - an amulet of magic regeneration
Wands
 l - a wand of polymorph (1)
Scrolls
 b - 2 scrolls of poison
 e - 2 scrolls of magic mapping
 i - 2 scrolls of teleportation {unknown}
 k - 4 scrolls of identify {unknown}
 n - a scroll of blinking {unknown}
 o - a scroll of immolation {unknown}
 r - a scroll of noise {unknown}
Potions
 d - a potion of resistance {unknown}
 f - a potion of attraction {unknown}
 h - 4 potions of curing {unknown}
 j - 4 potions of heal wounds {unknown}
 q - a potion of haste {unknown}


   Skills:
 + Level 2.1 Fighting
 + Level 3.2 Ranged Weapons
 + Level 4.3 Dodging
 + Level 3.4 Spellcasting
 - Level 3.6 Hexes


You had 9 spell levels left.
You knew the following spells:

 Your Spells              Type           Power      Damage    Failure   Level
a - Slow                  Hex            48%        N/A       4%          1

Your spell library contained the following spells:

 Spells                   Type           Power      Damage    Failure   Level
 Sandblast                Erth           4%         2d4       21%         1
 Inner Flame              Hex/Fire       7%         N/A       28%         3
 Portal Projectile        Hex/Tloc       14%        N/A       28%         3
 Passwall                 Tmut/Erth      1%         N/A       30%         2
 Cause Fear               Hex            6%         N/A       41%         4
 Stone Arrow              Conj/Erth      4%         3d7       52%         3
 Hailstorm                Conj/Ice       2%         3d3       90%         4
 Ice Form                 Ice/Tmut       2%         N/A       90%         4
 Simulacrum               Ice/Necr       1%         N/A       100%        6


Dungeon Overview and Level Annotations

Branches:
Dungeon (4/15)             Temple (1/1) D:4

Altars:
Ashenzari
Cheibriados
Dithmenos
Elyvilon
Fedhas
Gozag
Hepliaklqana
Kikubaaqudgha
Makhleb
Nemelex Xobeh
Okawaru
Qazlal
Ru
Trog
Uskayaw
Wu Jian
Xom
Yredelemnul
Zin

Annotations:
D:4 exclusion: oklob plant


Innate Abilities, Weirdness & Mutations

You are very small and have problems with some larger weapons.
You are too small for most types of armour.
You have supernaturally acute eyesight. (SInv)
You cover ground extremely quickly. (Speed+++)


Message History

Found a book of the Tundra.
You shoot a sling bullet.
The sling bullet closely misses the giant cockroach.
You shoot a sling bullet.
The sling bullet hits the giant cockroach.
The giant cockroach is moderately wounded.
The giant cockroach completely misses you.
You shoot a sling bullet.
The sling bullet hits the giant cockroach.
You kill the giant cockroach!
No target in view!
No target in view!
There is an open door here.
You pick up a book of the Tundra and begin reading...
You add the spells Hailstorm, Ice Form and Simulacrum to your library.
No target in view!
No target in view!
No target in view!
Okay, then.
You open the door.
There is an open door here.
Fedhas invokes nature against you. The volley of thorns hits you!!
Ouch! That really hurt!
* * * LOW HITPOINT WARNING * * *
Plants grow around you in an ominous manner.
Marking area around an oklob plant as unsafe for travelling.
An oklob plant comes into view.
Unknown command.
Really attack while wielding your +1 sling? [Y]es or [N]o only, please.
Really attack while wielding your +1 sling? [Y]es or [N]o only, please.
Really attack while wielding your +1 sling?
Okay, then.
Really attack while wielding your +1 sling?
You clumsily bash the wandering mushroom but do no damage.
You clumsily bash the wandering mushroom but do no damage.
The wandering mushroom releases spores at you!
You die...

#.......###.........####...#.###
#.#.......'.........+...........
#.......###.........####...#.###
####..### ##.......## ##.##.#
#.## ##.....## ###._# #.#
##...## ...# #.# ##'## ....# #.#
#f# .....# #. #@# ##.#### #..#
### .?fP. ... #.≈≈≈≈≈≈ ≈≈≈
#.≈≈≈≈≈≈≈ ≈≈≈ #.≈≈#####. .##
..≈≈# #.# .#. ##.≈≈ ## #. ..


You could see an oklob plant and 2 wandering mushrooms.

Vanquished Creatures
  Jessica (D:2)
  An iguana (D:2)
  6 adders
  4 worms
  3 dart slugs
  3 orcs (D:3)
  6 bats
  4 endoplasms
  6 giant cockroaches
  6 goblins
  6 hobgoblins
  5 kobolds
  A quokka (D:3)
  5 ball pythons
  3 frilled lizards
  7 rats
67 creatures vanquished.

Vanquished Creatures (others)
  5 plants (D:4)
5 creatures vanquished.

Grand Total: 72 creatures vanquished

Notes
Turn   | Place    | Note
-------+----------+-------------------------------------------
     0 | D:1      | Aibolit the Spriggan Arcane Marksman began the quest for
                  | the Orb.
     0 | D:1      | Reached XP level 1. HP: 9/9 MP: 3/3
   212 | D:1      | Reached skill level 1 in Fighting
   245 | D:1      | Reached skill level 3 in Dodging
   245 | D:1      | Reached XP level 2. HP: 14/14 MP: 5/5
   939 | D:1      | Learned a level 1 spell: Slow
  1202 | D:2      | Noticed Jessica
  1211 | D:2      | Reached XP level 3. HP: 17/18 MP: 7/7
  1216 | D:2      | Killed Jessica
  1261 | D:2      | Reached XP level 4. HP: 23/23 MP: 8/8
  1896 | D:2      | Reached skill level 4 in Dodging
  2353 | D:3      | Reached XP level 5. HP: 26/26 MP: 8/10
  2680 | D:3      | Found a faded altar of an unknown god.
  3109 | D:4      | Identified the +2 spear of the End of Times {chaos, +Blink
                  | Dex+3}
  3150 | D:4      | Found a staircase to the Ecumenical Temple.
  3174 | Temple   | Entered the Ecumenical Temple
  3188 | Temple   | Became a worshipper of Fedhas Madash
  3273 | Temple   | Fell from the grace of Fedhas
  3273 | Temple   | Became a worshipper of Zin the Law-Giver
  3273 | Temple   | Reached * piety under Zin
  3331 | D:4      | Found a stormy altar of Qazlal.
  3331 | D:4      | Found a bloodstained altar of Trog.
  3331 | D:4      | Found a hazy altar of Hepliaklqana.
  3331 | D:4      | Found an ancient bone altar of Kikubaaqudgha.
  3396 | D:4      | Found a sparkling altar of Nemelex Xobeh.
  3553 | D:4      | Noticed an oklob plant
  3553 | D:4      | Noticed a wandering mushroom
  3553 | D:4      | Noticed a wandering mushroom
  3554 | D:4      | Slain by a wandering mushroom

Illustrated notes

Levels and vault maps discovered:
D:1:      dpeg_arrival_rooms_b, layout_basic
D:2:      layout_rooms, uniq_jessica
D:3:      layout_loops_ring, nicolae_ecumenical_lake_church,
          chequers_serial_rivers_micro_d
D:4:      layout_loops_corners, overflow_temple_1_default,
          chequers_temple_overflow_statue_of_worship, minmay_temple_entry_hall,
          gammafunk_ghost_gnarly_gnolls, grunt_ministairs_13,
          corexii_item_surrounded_by_moat, mrwooster_statue_mirror, minivault_5,
          kennysheep_small_spiral
Temple:   eino_temple_scatter_basement

Skill      XL: |  1  2  3  4 |
---------------+-------------+-----
Fighting       | 1 2 |  2.1
Dodging        | 3 4 |  4.3
Spellcasting   | 2 3 |  3.4
Ranged Weapons | 3 |  3.2
Hexes          | |  3.6

Action                   |  1- 3 |  4- 6 || total
-------------------------+-------+-------++-------
Melee: Unarmed           |     7 |       ||     7
       Sling             |       |     2 ||     2
 Fire: Sling             |    94 |   165 ||   259
 Cast: Slow              |    16 |    24 ||    40
  Use: Scroll            |     2 |       ||     2
Armor: Robe              |     9 |     4 ||    13
Dodge: Dodged            |    52 |    44 ||    96
